 Dungeon Crawl Stone Soup version 0.31-a0-806-g0bc164a743 (webtiles) character file.

Game seed: 12518321447552729837

40124 arthad the Thaumaturge (level 13, -3/72 HPs)
             Began as a Deep Elf Earth Elementalist on Sept 20, 2023.
             Was a High Priest of Vehumet.
             Constricted to death by Jorgrun (5 damage)
             ... on level 14 of the Dungeon.
             The game lasted 00:49:58 (16069 turns).

arthad the Thaumaturge (DEEE)                      Turns: 16069, Time: 00:49:59

Health: -3/72      AC: 14    Str:  5    XL:     13   Next: 72%
Magic:  0/40       EV: 16    Int: 29    God:    Vehumet [*****.]
Gold:   167        SH:  6    Dex: 15    Spells: 9/36 levels left

rFire   . . .        S - staff of earth
rCold   . . .        t - +1 buckler
rNeg    . . .        B - +3 leather armour
rPois   .            o - +0 helmet {Int+3}
rElec   .            j - +0 cloak
rCorr   .            D - +2 pair of gloves
SInv    .            p - +1 pair of boots
Will    +....        (no amulet)
Stlth   +++          W - ring of magical power
HPRegen 0.32/turn    K - +5 ring of evasion
MPRegen 0.27/turn

%: no passive effects
@: grasped by roots, constricted
A: no striking features
a: Renounce Religion


You were on level 14 of the Dungeon.
You worshipped Vehumet.
Vehumet was extremely pleased with you.
You visited 2 branches of the dungeon, and saw 15 of its levels.
You visited 1 bazaar.
You also visited: Bailey.

You collected 1369 gold pieces.
You spent 1202 gold pieces at shops.

Inventory:

Hand Weapons
 i - a +3 broad axe
 C - the +6 morningstar of Ucaiti {speed, +Blink rC+ Will-}
   (You found it on level 14 of the Dungeon)

   rC+:       It protects you from cold.
   Will-:     It decreases your willpower.
   +Blink:    It lets you blink.
Missiles
 m - 23 boomerangs
 s - 6 javelins
 w - 2 throwing nets
 J - 26 poisoned darts
Armour
 j - a +0 cloak (worn)
 o - a +0 helmet of intelligence (worn)
 p - a +1 pair of boots (worn)
 r - the +3 ring mail of Bad Feelings {Will+ Str+3}
   (You bought it in a shop in a bazaar)

   Str+3:     It affects your strength (+3).
   Will+:     It increases your willpower.
 t - a +1 buckler (worn)
 B - a +3 leather armour (worn)
 D - a +2 pair of gloves (worn)
Magical Staves
 S - a staff of earth (weapon)
Jewellery
 f - a ring of ice
 F - a ring of positive energy
 G - a ring of protection from fire
 K - a +5 ring of evasion (right hand)
 Q - a ring of flight
 W - a ring of magical power (left hand)
 X - a +6 ring of dexterity
 Z - a ring of protection from fire
Wands
 a - a wand of iceblast (4)
 l - a wand of flame (25)
 N - a wand of paralysis (20)
 O - a wand of quicksilver (26)
 P - a wand of mindburst (15)
Scrolls
 h - 6 scrolls of enchant weapon
 k - 2 scrolls of amnesia
 n - a scroll of torment
 v - 2 scrolls of fog
 x - 3 scrolls of revelation
 y - 3 scrolls of teleportation
 I - a scroll of fear
 Y - a scroll of poison
Potions
 b - 3 potions of enlightenment
 c - a potion of attraction {unknown}
 d - 2 potions of cancellation
 e - 4 potions of brilliance
 g - 5 potions of curing
 u - a potion of berserk rage {unknown}
 z - a potion of resistance
 A - 4 potions of lignification
 E - a potion of magic
 H - a potion of invisibility {unknown}
 L - a potion of might {unknown}
 R - a potion of mutation {unknown}
 V - 4 potions of ambrosia
Miscellaneous
 T - a sack of spiders
 U - a phial of floods (inert)


   Skills:
 + Level 5.2 Fighting
 + Level 5.1 Armour
 + Level 8.3 Dodging
 - Level 6.0 Stealth
 * Level 4.1 Shields
 * Level 12.1 Spellcasting
 * Level 9.4 Conjurations
 * Level 6.0 Necromancy
 + Level 4.2 Translocations
 * Level 9.8 Transmutations
 + Level 6.5 Fire Magic
 * Level 10.4 Earth Magic
 + Level 4.0 Poison Magic
 + Level 3.9 Evocations


You had 9 spell levels left.
You knew the following spells:

 Your Spells              Type           Power      Damage    Failure   Level
a - Sandblast             Erth           100%       2d20      1%          1
b - Stone Arrow           Conj/Erth      100%       3d13      1%          3
c - Petrify               Tmut/Erth      85%        N/A       1%          4
d - Brom's Barrelling Bo  Conj/Erth      85%        2d10      1%          4
e - Foxfire               Conj/Fire      100%       2x1d9     1%          1
f - Olgreb's Toxic Radia  Pois           41%        N/A       4%          4
g - Ignite Poison         Fire/Tmut/Pois 54%        N/A       1%          3
h - Lee's Rapid Deconstr  Erth           43%        3d21*     1%          5
i - Blink                 Tloc           82%        N/A       2%          2

Your spell library contained the following spells:

 Spells                   Type           Power      Damage    Failure   Level
 Fulminant Prism          Conj/Hex       22%        3d12      3%          4
 Apportation              Tloc           82%        N/A       1%          1
 Kiss of Death            Conj/Necr      100%       2d13      1%          1
 Shock                    Conj/Air       100%       1d9       1%          1
 Momentum Strike          Conj/Tloc      100%       3d10      1%          2
 Passwall                 Tmut/Erth      70%        N/A       1%          2
 Lesser Beckoning         Tloc           82%        N/A       2%          2
 Cigotuvi's Dreadful Rot  Necr/Pois/Air  72%        N/A       3%          2
 Gell's Gravitas          Tloc           41%        N/A       4%          3
 Teleport Other           Tloc           41%        N/A       4%          3
 Animate Dead             Necr           51%        N/A       7%          4
 Dispel Undead            Necr           51%        3d19      7%          4
 Borgnjor's Vile Clutch   Necr/Erth      39%        N/A       8%          5
 Animate Armour           Summ/Erth      100%       N/A       10%         4
 Jinxbite                 Hex            34%        N/A       12%         2
 Alistair's Intoxication  Tmut/Pois      36%        N/A       13%         5
 Freezing Cloud           Conj/Ice/Air   17%        6-21      16%         5
 Airstrike                Air            8%         2d(2-18)  21%         4
 Confusing Touch          Hex            17%        N/A       24%         3
 Swiftness                Air            17%        N/A       24%         3
 Summon Lightning Spire   Summ/Air       17%        N/A       63%         4
 Death Channel            Necr           25%        N/A       71%         6
 Discord                  Hex            8%         N/A       100%        8
 Ignition                 Fire           26%        3d9       100%        8


Dungeon Overview and Level Annotations

Branches:
Dungeon (14/15)            Temple (1/1) D:4            Lair (0/5) D:10
    Orc (0/2) D:11         Bailey (visited)
 Vaults: D:13-14

Altars:
Ashenzari
Cheibriados
Dithmenos
Elyvilon
Fedhas
Gozag
Hepliaklqana
Kikubaaqudgha
Makhleb
Nemelex Xobeh
Okawaru
Qazlal
Ru
Sif Muna
Trog
Uskayaw
Vehumet
Wu Jian
Xom
Yredelemnul
Zin
The Shining One

Shops:
D:2 :*:*=   D:10 !

Annotations:
D:14 Jorgrun


Message History

Aim: Jorgrun, wielding a staff of earth and wearing a +0 robe (almost dead, 76% to hit)
You feel a surge of power!
The blast of sand hits Jorgrun.
Jorgrun is almost dead.
Jorgrun gestures next to you while chanting.
The wall shatters!
The blast of rock fragments hits you!! Jorgrun hits you but does no damage.
Jorgrun shatters you!
You have turned to stone.
Jorgrun casts a spell at you. The entropic shot hits you!!!
Jorgrun hits you with a staff of earth. Jorgrun shatters you!
Jorgrun hits you but does no damage. Jorgrun hits you with a staff of earth.
Jorgrun shatters you! Jorgrun gestures at you while chanting.
The entropic shot hits you!!
* * * LOW HITPOINT WARNING * * *
Jorgrun gestures at you while chanting. Jorgrun casts a spell at you.
Roots burst forth from the earth!
The grasping roots grab you! The grasping roots constrict you.
Jorgrun hits you with a staff of earth. The grasping roots constrict you!
* * * LOW HITPOINT WARNING * * *
You turn to flesh and can move again.
Okay, then.
Okay, then.
Unknown command.
You feel much better. You block Jorgrun's attack.
The grasping roots constrict you.
Casting: Sandblast (safe; 1% risk of failure)
Confirm with . or Enter, or press ? or * to list all spells.
Aiming: Stone Arrow (safe; 1% risk of failure)
Press: ? - help, Shift-Dir - straight line, f/p - Jorgrun
Aim: Jorgrun, wielding a staff of earth and wearing a +0 robe (severely wounded, 63% to hit)
You feel a surge of power!
The stone arrow hits Jorgrun!
Jorgrun is almost dead.
Jorgrun points next to you and mumbles some strange words.
The wall shatters!
The blast of rock fragments hits you!!
* * * LOW HITPOINT WARNING * * *
The grasping roots constrict you.
You die...

.#.......# .. ##.....#
.#.......###. #... . ##.......
.'..._...'(....#.... ..##...#####
.#.......# #.?.#..#. #.##..######
.#.......# #...W... #.##..##.[..
.##.....####...#..# #.##..##....
).###[###......#..# #.##..##..##
.<<[..[)[)......g.##.#..##.##..##
.)...##...###..#@........##.#..##
.....##...# #.........#.......
.....##...# #..####...........
.....##...# #..# #...#.......
.....##...# #..# #..###.#..##
..##.##..## #..# #..##.##..##
..##.##..# #..# #.##.. #).##
..##.##..# #..# #>##.. #....
..##.##..# #..# #.##.. #....


You could see Jorgrun and a wraith.

Vanquished Creatures
  A tengu reaver (D:11)
  Snorg (D:13)
  Josephine (D:14)
  A great orb of eyes (D:14)
  An ice dragon (D:14)
  3 hydras
  5 two-headed ogres
  5 boulder beetles
  3 centaur warriors
  Erica (D:9)
  A tengu warrior (D:14)
  4 orc knights
  A harpy (D:14)
  4 deep elf pyromancers
  8 ugly things
  10 cyclopes
  A manticore (D:13)
  3 gargoyles
  Maggie (D:8)
  An unseen horror (D:11)
  An efreet (D:12)
  3 trolls
  3 meliai (D:14)
  A shadow (D:10)
  Sigmund (D:2)
  2 vampires (D:11)
  7 wraiths
  3 wyverns
  24 yaks
  A basilisk (D:11)
  2 steam dragons
  3 vampire mosquitoes (D:13)
  A redback (shapeshifter) (D:14)
  3 wargs (D:10)
  Menkaure (D:6)
  An acid dragon (D:10)
  A water moccasin (D:8)
  A sky beast (D:6)
  An ice beast (D:5)
  15 orc warriors
  3 black bears
  An ogre (D:6)
  3 centaurs
  2 phantoms
  A kobold brigand (D:6)
  2 scorpions
  A bullfrog (D:9)
  2 gnoll sergeants
  4 wights (D:9)
  6 killer bees (D:10)
  6 howler monkeys
  An electric eel (D:7)
  2 jellies (D:6)
  2 gnoll boudas
  12 orc priests
  2 hounds
  A sleepcap (D:7)
  4 iguanas
  15 orc wizards
  Terence (D:3)
  18 gnolls
  5 adders
  4 worms
  5 dart slugs
  52 orcs
  3 ball pythons
  3 bats
  5 endoplasms
  6 giant cockroaches
  8 goblins
  15 hobgoblins
  3 jackals (D:5)
  6 quokkas
  5 frilled lizards
  23 kobolds
  5 rats
368 creatures vanquished.

Vanquished Creatures (collateral kills)
  A hornet (D:8)
  An acid dragon (D:8)
  4 wights (D:8)
  5 boulders
11 creatures vanquished.

Vanquished Creatures (others)
  4 boulders
  24 foxfires
28 creatures vanquished.

Grand Total: 407 creatures vanquished

Notes
Turn   | Place    | Note
-------+----------+-------------------------------------------
     0 | D:1      | arthad the Deep Elf Earth Elementalist began the quest for
                  | the Orb.
     0 | D:1      | Reached XP level 1. HP: 10/10 MP: 6/6
   218 | D:1      | Reached XP level 2. HP: 14/15 MP: 5/8
   923 | D:1      | Reached XP level 3. HP: 19/19 MP: 7/9
  1035 | D:2      | Found Nesimpar's Book Boutique.
  1061 | D:2      | Found Ofegiess's Book Shoppe.
  1061 | D:2      | Noticed a walking frostbound tome
  1063 | D:2      | Noticed a walking earthen tome
  1074 | D:2      | Found Juab's Jewellery Emporium.
  1394 | D:2      | Noticed Sigmund
  1398 | D:2      | Found Weogoel's General Store.
  1407 | D:2      | Killed Sigmund
  1408 | D:2      | Reached skill level 4 in Spellcasting
  1408 | D:2      | Reached XP level 4. HP: 24/24 MP: 7/12
  1408 | D:2      | Reached XP level 5. HP: 28/28 MP: 7/13
  1487 | D:2      | Found Taeb's General Store.
  1821 | D:3      | Learned a level 3 spell: Stone Arrow
  1964 | D:3      | Found a shimmering blue altar of Sif Muna.
  2001 | D:3      | Reached XP level 6. HP: 32/32 MP: 12/14
  2306 | D:3      | Noticed Terence
  2309 | D:3      | Killed Terence
  2821 | D:4      | Reached skill level 1 in Conjurations
  2915 | D:4      | Found a staircase to the Ecumenical Temple.
  2988 | Temple   | Entered the Ecumenical Temple
  3002 | Temple   | Became a worshipper of Vehumet
  3525 | D:5      | Entered Level 5 of the Dungeon
  3592 | D:5      | Reached skill level 5 in Spellcasting
  3651 | D:5      | Learned a level 4 spell: Petrify
  3656 | D:5      | Learned a level 4 spell: Brom's Barrelling Boulder
  3733 | D:5      | HP: 1/33 [something/magic dart (3)]
  3831 | D:5      | Reached skill level 1 in Fighting
  3831 | D:5      | Reached XP level 7. HP: 37/38 MP: 11/16
  3869 | D:5      | Reached skill level 5 in Earth Magic
  4057 | D:5      | Found a bloodstained altar of Trog.
  4479 | D:5      | Reached skill level 1 in Armour
  4561 | D:5      | Reached * piety under Vehumet
  4561 | D:5      | Offered knowledge of Foxfire by Vehumet.
  4564 | D:5      | Learned a level 1 spell: Foxfire
  4679 | D:6      | Noticed Menkaure
  5045 | D:6      | Reached XP level 8. HP: 41/43 MP: 15/18
  5052 | D:6      | Reached skill level 6 in Spellcasting
  5052 | D:6      | Reached skill level 1 in Fire Magic
  5058 | D:6      | Reached skill level 5 in Stealth
  5411 | D:6      | Reached skill level 5 in Transmutations
  5450 | D:6      | Found an ornate altar of the Wu Jian Council.
  5511 | D:6      | Killed Menkaure
  5983 | D:7      | Offered knowledge of Kiss of Death by Vehumet.
  6124 | D:7      | Reached skill level 5 in Dodging
  6124 | D:7      | Reached skill level 7 in Spellcasting
  6124 | D:7      | Reached XP level 9. HP: 41/48 MP: 17/21
  6125 | D:7      | Reached ** piety under Vehumet
  6493 | D:8      | Noticed a cyclops
  6514 | D:8      | Found a hide-covered altar of Uskayaw.
  6831 | D:8      | Reached skill level 5 in Conjurations
  7256 | D:8      | Killed a cyclops
  7257 | D:8      | Reached skill level 8 in Spellcasting
  7626 | D:9      | Noticed Erica
  7637 | D:9      | Killed Erica
  7638 | D:9      | Reached XP level 10. HP: 56/56 MP: 12/24
  7697 | D:8      | Noticed Maggie
  7730 | D:9      | Found a glowing silver altar of Zin.
  7768 | D:9      | Found a flagged portal.
  7777 | Bailey   | Entered a bailey
  7802 | Bailey   | Noticed an orc knight
  7816 | Bailey   | Offered knowledge of Inner Flame by Vehumet.
  7919 | Bailey   | Killed an orc knight
  7931 | Bailey   | Reached *** piety under Vehumet
  7938 | Bailey   | Noticed an orc knight
  7944 | Bailey   | Killed an orc knight
  7945 | Bailey   | Reached skill level 9 in Spellcasting
  8396 | D:9      | Noticed a two-headed ogre
  8406 | D:9      | Killed a two-headed ogre
  8579 | D:9      | Found a sacrificial altar of Ru.
  8995 | D:9      | Found a sparkling altar of Nemelex Xobeh.
  9175 | D:9      | Reached XP level 11. HP: 60/60 MP: 26/26
  9872 | D:8      | Killed Maggie
  9988 | D:10     | Entered Level 10 of the Dungeon
 10254 | D:10     | Found a staircase to the Lair.
 10261 | D:10     | Reached skill level 10 in Spellcasting
 10267 | D:10     | Offered knowledge of Olgreb's Toxic Radiance by Vehumet.
 10281 | D:10     | Learned a level 4 spell: Olgreb's Toxic Radiance
 10522 | D:2      | Bought a Trismegistus Codex for 364 gold pieces
 10543 | D:2      | Bought a book of Iron for 448 gold pieces
 10751 | D:10     | Learned a level 3 spell: Ignite Poison
 10757 | D:10     | Learned a level 5 spell: Lee's Rapid Deconstruction
 10760 | D:10     | Learned a level 2 spell: Blink
 10776 | D:10     | Found an ancient bone altar of Kikubaaqudgha.
 11203 | D:10     | Found Kasis's Distillery.
 11207 | D:10     | Bought a potion of heal wounds for 80 gold pieces
 11291 | D:10     | You fall into a shaft and drop 1 floor!
 11292 | D:11     | Noticed a boulder beetle
 11300 | D:11     | Noticed a five-headed hydra
 11301 | D:11     | Killed a boulder beetle
 11302 | D:11     | Reached skill level 1 in Necromancy
 11303 | D:11     | Killed a five-headed hydra
 11304 | D:11     | Reached skill level 1 in Evocations
 11312 | D:11     | Reached **** piety under Vehumet
 11323 | D:11     | Noticed a seven-headed hydra
 11326 | D:11     | Noticed a tengu reaver
 11327 | D:11     | Killed a seven-headed hydra
 11327 | D:11     | Noticed a two-headed ogre
 11328 | D:11     | Reached skill level 1 in Shields
 11328 | D:11     | Reached skill level 1 in Translocations
 11328 | D:11     | Reached skill level 1 in Poison Magic
 11354 | D:11     | Noticed a purple ugly thing
 11372 | D:11     | Killed a purple ugly thing
 11373 | D:11     | Reached skill level 5 in Fire Magic
 11374 | D:11     | Noticed a cyan ugly thing
 11376 | D:11     | Noticed a two-headed ogre
 11376 | D:11     | Offered knowledge of Mephitic Cloud by Vehumet.
 11385 | D:11     | Killed a cyan ugly thing
 11391 | D:11     | Killed a two-headed ogre
 11391 | D:11     | Killed a two-headed ogre
 11392 | D:11     | Reached XP level 12. HP: 38/67 MP: 28/28
 11399 | D:11     | Killed a tengu reaver
 11625 | D:11     | Found a staircase to the Orcish Mines.
 11646 | D:11     | Noticed a two-headed ogre
 11649 | D:11     | Killed a two-headed ogre
 11766 | D:11     | Reached skill level 11 in Spellcasting
 11777 | D:11     | Found a flickering gateway to a bazaar.
 11786 | Bazaar   | Entered a bazaar
 11842 | Bazaar   | Found Sekimius's Magic Scroll Shoppe.
 11842 | Bazaar   | Found Lauciq's Weapon Emporium.
 11864 | Bazaar   | Found Esaefypp's Armour Shoppe.
 11880 | Bazaar   | Found Taxestaq's Antique Armour Emporium.
 11970 | Bazaar   | Bought an ancient ring mail for 189 gold pieces
 11970 | Bazaar   | Identified the +3 ring mail of Bad Feelings {Will+ Str+3}
                  | (You bought it in a shop in a bazaar)
 11996 | Bazaar   | Bought a scroll of revelation for 67 gold pieces
 11996 | Bazaar   | Bought a scroll of teleportation for 27 gold pieces
 11996 | Bazaar   | Bought a scroll of teleportation for 27 gold pieces
 12100 | D:11     | Noticed a boulder beetle
 12107 | D:11     | Killed a boulder beetle
 12646 | D:12     | Noticed a boulder beetle
 12650 | D:12     | Killed a boulder beetle
 13900 | D:13     | Noticed a seven-headed hydra
 13903 | D:13     | Killed a seven-headed hydra
 14206 | D:13     | Noticed a centaur warrior
 14212 | D:13     | Killed a centaur warrior
 14213 | D:13     | Reached XP level 13. HP: 72/72 MP: 28/30
 14381 | D:13     | Noticed Snorg
 14386 | D:13     | Killed Snorg
 14387 | D:13     | Reached skill level 10 in Earth Magic
 14590 | D:13     | Reached skill level 5 in Necromancy
 14989 | D:14     | Found a radiant altar of Vehumet.
 15039 | D:14     | Reached skill level 5 in Fighting
 15197 | D:14     | Reached ***** piety under Vehumet
 15203 | D:14     | Noticed Jorgrun
 15220 | D:14     | Offered knowledge of Fulminant Prism by Vehumet.
 15401 | D:14     | Noticed Josephine
 15403 | D:14     | Killed Josephine
 15404 | D:14     | Reached skill level 5 in Armour
 15415 | D:14     | Reached skill level 12 in Spellcasting
 15931 | D:14     | Identified the +6 morningstar of Ucaiti {speed, +Blink rC+
                  | Will-}
 16067 | D:14     | HP: 3/72 [constriction (8)]
 16069 | D:14     | Constricted to death by Jorgrun

Illustrated notes

Levels and vault maps discovered:
D:1:      saegor_arrival_simple_c, layout_basic
D:2:      layout_loops_ring, serial_shops, shop, shop, nicolae_shop_mannequins,
          nicolae_shop_statue_plus, shop, uniq_sigmund
D:3:      layout_basic, amcnicky_altar_gilded, serial_curves, eino_curves_04,
          eino_curves_04, uniq_terence
D:4:      layout_cave_pools, temple_doors_e, roderic_serpentine_path
D:5:      layout_loops_ring, bloody_trog, nicolae_hexahallways
D:6:      layout_cave_pools, nicolae_wu_jian_wuxing_cycle, minivault_23,
          grunt_ministairs_3, uniq_menkaure
D:7:      layout_basic, nrook_pool_corridor
D:8:      layout_basic, mainiacjoe_overflow_alcove_1, serial_co_window_serial,
          co_window_paths_b, co_window_of_opportunity_a,
          co_window_of_opportunity_a, co_window_paths_a, co_window_corner_a,
          co_window_paths_a, co_window_paths_b, co_window_of_opportunity_a,
          co_window_cross_1, co_window_corner_b, co_window_of_opportunity_c,
          co_window_corner_cb, co_window_of_opportunity_c,
          co_window_of_opportunity_b, co_window_paths_c, co_window_4corner_b,
          uniq_maggie
D:9:      layout_basic, nicolae_ru_the_path_less_chosen,
          nemelex_spade_bored_becter, lemuel_doored_altar, enter_bailey_8,
          uniq_erica
D:10:     layout_roguey, nicolae_overflow_crystal_walls,
          erik_lair_orcish_takeover, serial_shops, nicolae_shop_back_alley_shop,
          roderic_roman_lattice
D:11:     nzn_winding_woodlands_cross [nzn_winding_woodlands_5x15_pool,
          nzn_winding_woodlands_5x15_concentric, nzn_winding_woodlands_5x15_eye,
          nzn_winding_woodlands_5x15_lazy_stream,
          nzn_winding_woodlands_15x15_killbox], layout_rooms, serial_curves,
          eino_curves_03, eino_curves_02, serial_shops, bzr_in_the_mist
D:12:     layout_grid_maze
D:13:     layout_basic, uniq_snorg
D:14:     minmay_crescents, layout_long_grid, grunt_vaults_entry_tiered,
          special_room [special_room_orc], nicolae_vehumet_altar_sigil,
          kennysheep_okawaru_gauntlet, uniq_josephine, uniq_jorgrun
Temple:   nicolae_temple_bog_church

Skill      XL: |  1  2  3  4  5  6  7  8  9 10 11 12 13 |
---------------+----------------------------------------+-----
Stealth        | 4 5 6 |  6.0
Dodging        | 3 4 5 6 7 8 |  8.3
Spellcasting   | 4 5 7 8 9 10 11 12 | 12.1
Transmutations | 2 3 4 5 6 7 8 9 |  9.8
Earth Magic    | 4 5 6 7 8 9 10 | 10.4
Conjurations   | 1 2 4 5 6 7 8 9 |  9.4
Fighting       | 1 2 3 4 5 |  5.2
Armour         | 1 2 3 4 5 |  5.1
Fire Magic     | 2 3 4 5 6 |  6.5
Necromancy     | 2 4 6 |  6.0
Evocations     | 1 3 |  3.9
Shields        | 1 3 4 |  4.1
Translocations | 1 3 4 |  4.2
Poison Magic   | 1 3 4 |  4.0

Action                     |  1- 3 |  4- 6 |  7- 9 | 10-12 | 13-15 || total
---------------------------+-------+-------+-------+-------+-------++-------
  Melee: Unarmed           |       |     1 |       |       |       ||     1
         Staff             |       |       |       |     4 |     1 ||     5
   Cast: Sandblast         |    48 |    81 |   133 |   103 |     6 ||   371
         Foxfire           |       |       |     9 |     5 |       ||    14
         Brom's Barrelling |       |       |     4 |     7 |       ||    11
         Stone Arrow       |       |       |     1 |   108 |    12 ||   121
         Petrify           |       |       |     1 |       |       ||     1
         Lee's Rapid Decon |       |       |       |    42 |    44 ||    86
         Olgreb's Toxic Ra |       |       |       |    17 |    16 ||    33
         Ignite Poison     |       |       |       |     9 |    10 ||    19
  Evoke: Wand              |       |       |       |     2 |     2 ||     4
         Sack of spiders   |       |       |       |     1 |       ||     1
         Phial of floods   |       |       |       |       |     1 ||     1
    Use: Potion            |       |     2 |       |     7 |     1 ||    10
         Scroll            |       |       |     8 |     9 |     6 ||    23
 Armour: Robe              |     5 |     7 |       |       |       ||    12
         Leather armour    |       |    20 |    76 |    53 |    23 ||   172
  Dodge: Dodged            |     6 |     9 |    79 |    85 |    13 ||   192
  Block: Buckler           |       |       |       |     1 |     5 ||     6

Table legend: (Time is in decaauts)
 A = Elapsed time spent in this place.
 B = Non-inter-level travel time spent in this place.
 C = Inter-level travel time spent in this place.
 D = Time resting spent in this place.
 E = Time spent auto-exploring this place.
 F = Levels seen in this place.
 G = Mean time per level.
                   A        B        C        D        E       F      G
               +--------+--------+--------+--------+--------+-----+--------+
         Total |  16286 |  14849 |   1437 |    432 |  11855 |  17 |  958.0 |
       Dungeon |  15393 |  13982 |   1411 |    432 |  11326 |  14 | 1099.5 |
        Temple |     28 |      2 |     26 |      0 |      0 |   1 |   28.0 |
        Bazaar |    250 |    250 |      0 |      0 |    110 |   1 |  250.0 |
        Bailey |    614 |    614 |      0 |      0 |    419 |   1 |  614.0 |
               +--------+--------+--------+--------+--------+-----+--------+

Top non-repeatable levels by time:
     D:8: 1955 daAuts
    D:12: 1389 daAuts
     D:5: 1389 daAuts
    D:13: 1381 daAuts
     D:9: 1077 daAuts
     D:1: 1049 daAuts
    D:11: 997 daAuts
     D:6: 985 daAuts
    D:10: 968 daAuts
     D:3: 967 daAuts
     D:2: 868 daAuts
     D:4: 800 daAuts
    D:14: 793 daAuts
     D:7: 768 daAuts
  Bailey: 614 daAuts
